 Dungeon Crawl Stone Soup version 0.19.0-2-gae57169 (webtiles) character file.

8561 Sotamaster the Spear-Bearer (level 11, 0/86 HPs)
             Began as a Demonspawn Berserker on Nov 6, 2016.
             Was a High Priest of Trog.
             Succumbed to a killer bee's poison
             ... on level 10 of the Dungeon.
             The game lasted 00:20:43 (8379 turns).

Sotamaster the Spear-Bearer (Demonspawn Berserker)  Turns: 8379, Time: 00:20:44

Health: 0/86       AC: 18    Str: 26    XL:     11   Next: 11%
Magic:  11/11      EV:  8    Int:  9    God:    Trog [*****.]
Gold:   600        SH:  0    Dex: 16    Spells: 0 memorised, 10 levels left

rFire  . . .     SeeInvis .     L - +2 scimitar of Jikilen {slice, Str+6 Dex+3} (curse)
rCold  . . .     Gourm    .     g - +0 plate armour
rNeg   . . .     Faith    .     (no shield)
rPois  .         Spirit   .     j - +1 helmet
rElec  .         Reflect  .     (no cloak)
rCorr  .         Harm     .     (no gloves)
MR     ++...                    (boots unavailable)
Stlth  ..........               (no amulet)
                                (no ring)
                                (no ring)

@: lethally poisoned (0 -> -3), exhausted, regenerating
A: hooves 3, icy blue scales 2, foul stench 1, rot immunity
a: Berserk, Trog's Hand, Brothers in Arms, Burn Spellbooks, Renounce Religion


You were on level 10 of the Dungeon.
You worshipped Trog.
Trog was extremely pleased with you.
You were not hungry.

You visited 1 branch of the dungeon, and saw 10 of its levels.

You collected 600 gold pieces.

Inventory:

Hand Weapons
 a - a +2 scythe of slicing
 d - a +0 spear
 y - a +4 quarterstaff of chaos
 L - the cursed +2 scimitar of Jikilen (weapon) {slice, Str+6 Dex+3}
   (You found it on level 9 of the Dungeon)

   It inflicts extra damage upon your enemies.
   It affects your strength (+6).
   It affects your dexterity (+3).
   It has a curse placed upon it.
Missiles
 p - 6 tomahawks (quivered)
Armour
 b - a +0 animal skin
 g - a +0 plate armour (worn)
 j - a +1 helmet (worn)
Jewellery
 n - an uncursed ring of wizardry {unknown}
 v - a cursed amulet of harm {unknown}
Wands
 s - a wand of confusion (16/48)
 C - a wand of flame (15/48)
 J - a wand of lightning (10/15)
Scrolls
 f - 8 scrolls of identify {unknown}
 h - 3 scrolls of remove curse {unknown}
 i - 4 scrolls of teleportation {unknown}
 k - 3 scrolls of amnesia {unknown}
 l - 3 scrolls of noise {unknown}
 m - 2 scrolls of fear {unknown}
 q - a scroll of magic mapping {unknown}
 w - 4 scrolls of enchant armour {unknown}
 z - a scroll of recharging {unknown}
 D - a scroll of enchant weapon {unknown}
 H - a scroll of fog {unknown}
 I - 4 scrolls of random uselessness {unknown}
Potions
 e - 2 potions of invisibility
 o - 2 potions of degeneration {unknown}
 r - 3 potions of might {unknown}
 t - 2 potions of magic {unknown}
 G - a potion of lignification {unknown}
 K - a potion of agility {unknown}
Books
 B - a book of Air

   Spells                             Type                      Level
   a - Shock                          Conjuration/Air              1
   b - Swiftness                      Charms/Air                   2
   c - Repel Missiles                 Charms/Air                   2
   d - Static Discharge               Conjuration/Air              3
   e - Lightning Bolt                 Conjuration/Air              5
   Trog disapproves of the use of such an item.
Comestibles
 c - a bread ration
 A - 2 meat rations
 E - 16 fruits
 F - 6 slices of pizza


   Skills:
 + Level 7.9 Fighting
 * Level 1.3 Long Blades
 - Level 12.1 Polearms
 + Level 7.6 Armour
 + Level 2.4 Dodging
 + Level 1.6 Stealth


You had 10 spell levels left.
You didn't know any spells.

Dungeon Overview and Level Annotations

Branches:
Dungeon (10/15)            Temple (0/1) D:7            Lair (0/6) D:9
    Orc: D:9-12

Altars:
Fedhas
Gozag
Xom
Yredelemnul
Zin
The Shining One

Shops:
D:6 :   D:8 *   D:9 =


Innate Abilities, Weirdness & Mutations

You have hooves in place of feet.
You are mostly covered in icy blue scales. (AC +3)
You may emit foul miasma when damaged in melee.
You are immune to rotting.


Message History

The killer bee completely misses you. The killer bee stings you.
* * * LOW HITPOINT WARNING * * *
The yak gores you but does no damage.
The killer bee stings you but does no damage.
The yak barely misses you.
It was a potion of cancellation.
Your magical effects are unravelling.
You feel magically purged.
You feel yourself speed up.
You feel very sick.
The killer bee stings you but does no damage. x2
The yak gores you.
* * * LOW HITPOINT WARNING * * *
The killer bee stings you.
* * * LOW HITPOINT WARNING * * *
You are more poisoned.
The killer bee poisons you! The yak gores you but does no damage.
You completely miss the yak.
The yak is heavily wounded.
You die...

#.########
#......... ...?..
#......... .....
#......... ....
#.###########...####
#..........$........
#..................>
#..........†Yy......
#.######## #@#
#.##########.######
#...................
#..............#####
#..............#
#..............#
#...)..........#
#................
#.................


You could see a yak and a killer bee.

Vanquished Creatures
  A hydra (D:8)
  The ghost of jjjjhere the Geomancer, a novice GrEE of Sif Muna (D:9)
  2 dream sheep (D:8)
  A hornet (D:8)
  2 hippogriffs (D:8)
  Sigmund (D:3)
  5 yaks
  Eustachio (D:6)
  A steam dragon (D:7)
  Duvessa (D:7)
  An orc warrior (D:6)
  2 sky beasts
  3 ice beasts
  4 necrophages
  9 ogres
  A hornet zombie (D:9)
  A phantom (D:6)
  4 centaurs
  5 big kobolds
  8 bullfrogs
  A wyvern zombie (D:8)
  Dowan (D:7)
  5 scorpions
  10 killer bees
  3 howler monkeys
  2 crimson imps
  4 hounds
  2 bullfrog skeletons
  A centaur skeleton (D:8)
  5 jellies
  4 orc priests
  Crazy Yiuf (D:6)
  A bullfrog zombie (D:6)
  9 worker ants
  Terence (D:3)
  5 iguanas
  2 orc wizards (D:6)
  A killer bee zombie (D:9)
  A hound zombie (D:5)
  A hound skeleton (D:5)
  A howler monkey zombie (D:6)
  3 gnolls
  9 adders
  2 shadow imps
  2 oozes
  2 adder zombies (D:6)
  5 adder skeletons
  4 worms
  3 dart slugs (D:1)
  8 leopard geckos
  24 orcs
  A ball python (D:1)
  9 bats
  5 giant cockroaches
  11 goblins
  8 hobgoblins
  5 jackals
  7 quokkas
  6 frilled lizards
  13 kobolds
  A leopard gecko skeleton (D:4)
  A quokka zombie (D:7)
  11 rats
  2 bushes (D:6)
257 creatures vanquished.

Vanquished Creatures (others)
  A jackal (D:8)
  2 bushes (D:6)
  11 plants (D:6)
14 creatures vanquished.

Grand Total: 271 creatures vanquished

Notes
Turn   | Place    | Note
-------+----------+-------------------------------------------
     0 | D:1      | Sotamaster the Demonspawn Berserker began the quest for the Orb.
     0 | D:1      | Reached XP level 1. HP: 18/18 MP: 1/1
   237 | D:1      | Gained mutation: You are partially covered in icy blue scales. (AC +2) [demonic ancestry]
   237 | D:1      | Reached XP level 2. HP: 24/24 MP: 2/2
   238 | D:1      | Reached skill level 3 in Polearms
   481 | D:1      | Reached ** piety under Trog
   483 | D:1      | Gained mutation: You have large cloven feet. [demonic ancestry]
   483 | D:1      | Reached XP level 3. HP: 28/29 MP: 3/3
  1185 | D:3      | Noticed Terence
  1198 | D:3      | Killed Terence
  1198 | D:3      | Gained mutation: You have hoof-like feet. [demonic ancestry]
  1198 | D:3      | Reached XP level 4. HP: 37/37 MP: 4/4
  1218 | D:3      | Noticed Sigmund
  1312 | D:3      | Killed Sigmund
  1312 | D:3      | Reached skill level 4 in Polearms
  1312 | D:3      | Gained mutation: You are mostly covered in icy blue scales. (AC +3) [demonic ancestry]
  1312 | D:3      | Reached XP level 5. HP: 32/42 MP: 5/5
  1428 | D:3      | Reached XP level 6. HP: 23/48 MP: 6/6
  1765 | D:3      | Found a shimmering altar of Xom.
  1767 | D:3      | Found a shimmering altar of Xom.
  1770 | D:3      | Found a shimmering altar of Xom.
  1980 | D:3      | Reached skill level 5 in Polearms
  2346 | D:4      | Reached *** piety under Trog
  2400 | D:4      | Reached skill level 1 in Stealth
  2400 | D:4      | Gained mutation: You are immune to rotting. [demonic ancestry]
  2400 | D:4      | Reached XP level 7. HP: 54/54 MP: 7/7
  2420 | D:4      | Reached skill level 6 in Polearms
  3129 | D:5      | Entered Level 5 of the Dungeon
  3148 | D:5      | Reached skill level 7 in Polearms
  3148 | D:5      | Gained mutation: You may emit foul miasma when damaged in melee. [demonic ancestry]
  3148 | D:5      | Reached XP level 8. HP: 58/61 MP: 8/8
  3353 | D:5      | Reached **** piety under Trog
  3726 | D:6      | Found a blossoming altar of Fedhas.
  3790 | D:6      | Reached skill level 8 in Polearms
  3808 | D:6      | Reached skill level 5 in Fighting
  4178 | D:6      | Found a runed door.
  4182 | D:6      | Noticed Crazy Yiuf
  4184 | D:6      | Killed Crazy Yiuf
  4284 | D:6      | Reached skill level 9 in Polearms
  4284 | D:6      | Reached XP level 9. HP: 52/68 MP: 9/9
  4286 | D:6      | Noticed Eustachio
  4291 | D:6      | Found Eniemm's Book Emporium.
  4305 | D:6      | Killed Eustachio
  4481 | D:6      | Reached skill level 5 in Armour
  5143 | D:7      | Found a glowing golden altar of the Shining One.
  5181 | D:7      | Noticed Duvessa
  5182 | D:7      | Noticed Dowan
  5193 | D:7      | Killed Duvessa
  5193 | D:7      | Reached skill level 10 in Polearms
  5195 | D:7      | Killed Dowan
  5258 | D:7      | Reached ***** piety under Trog
  5499 | D:7      | Found a staircase to the Ecumenical Temple.
  6003 | D:8      | Reached XP level 10. HP: 72/77 MP: 10/10
  6047 | D:8      | Noticed a three-headed hydra
  6055 | D:8      | Killed a six-headed hydra
  6055 | D:8      | Reached skill level 11 in Polearms
  7046 | D:8      | Found Vepumev's Assorted Antiques.
  7276 | D:8      | Found an opulent altar of Gozag.
  7438 | D:8      | Found a glowing silver altar of Zin.
  7447 | D:8      | Found a basalt altar of Yredelemnul.
  7768 | D:9      | Found a staircase to the Lair.
  7795 | D:9      | Noticed jjjjhere's ghost (novice GrEE)
  7807 | D:9      | Killed jjjjhere's ghost
  7807 | D:9      | Reached skill level 12 in Polearms
  7807 | D:9      | Gained mutation: You have hooves in place of feet. [demonic ancestry]
  7807 | D:9      | Reached XP level 11. HP: 85/85 MP: 11/11
  7828 | D:9      | Found Hypsaunt's Jewellery Boutique.
  8270 | D:9      | Got a crystal scimitar
  8274 | D:9      | Identified the cursed +2 scimitar of Jikilen {slice, Str+6 Dex+3} (You found it on level 9 of the Dungeon)
  8276 | D:10     | Entered Level 10 of the Dungeon
  8370 | D:10     | Reached skill level 1 in Long Blades
  8374 | D:10     | HP: 4/86 [yak (9)]
  8378 | D:10     | HP: 1/86 [killer bee (3)]
  8379 | D:10     | Succumbed to a killer bee's poison

Skill      XL: |  1  2  3  4  5  6  7  8  9 10 11 |
---------------+----------------------------------+-----
Polearms       | 3 4 5 7 9 10 12 | 12.1
Armour         | 2 3 4 5 7 |  7.6
Dodging        | 2 |  2.4
Fighting       | 4 5 6 7 |  7.9
Stealth        | 1 |  1.6
Long Blades    | 1 |  1.3

Action                   |  1- 3 |  4- 6 |  7- 9 | 10-12 || total
-------------------------+-------+-------+-------+-------++-------
Melee: Spear             |   189 |    44 |       |       ||   233
       Kick              |    25 |    26 |    88 |    65 ||   204
       Scythe            |       |    77 |   371 |   213 ||   661
       Scimitar          |       |       |       |    17 ||    17
Invok: Berserk           |     1 |     2 |     3 |     4 ||    10
       Trog's Hand       |       |     1 |     5 |     4 ||    10
  Use: Potion            |       |     3 |       |     4 ||     7
 Stab: Sleeping          |     1 |       |       |       ||     1
  Eat: Bread ration      |     1 |     1 |     3 |     1 ||     6
       Royal jelly       |       |       |     1 |       ||     1
       Beef jerky        |       |       |     1 |       ||     1
       Meat ration       |       |       |       |     2 ||     2
Armor: Animal skin       |    11 |       |       |       ||    11
       Plate armour      |    88 |   139 |   352 |   284 ||   863
Dodge: Dodged            |    61 |    50 |   155 |   136 ||   402
       Rpst.: Scimitar   |       |       |       |     9 ||     9
